 Dungeon Crawl Stone Soup version 0.29.1-1-gd02db6906a (webtiles) character file.

Game seed: 6907778667563923872

818 Larmestyx the Scholar of Death (level 7, -1/52 (55) HPs)
             Began as a Demonspawn Necromancer on Oct 4, 2022.
             Was a Follower of Kikubaaqudgha.
             Slain by a wight
             ... wielding a +0 battleaxe
              (4 damage)
             ... on level 7 of the Dungeon.
             The game lasted 00:33:45 (3117 turns).

Larmestyx the Scholar of Death (DsNe)               Turns: 3117, Time: 00:33:46

HP:   -1/52 (55)    AC:  9    Str:  8    XL:     7   Next: 62%
MP:   6/23          EV: 11    Int: 22    God:    Kikubaaqudgha [*.....]
Gold: 227           SH:  3    Dex: 14    Spells: 7/15 levels left

rFire   . . .      SeeInvis +   x - +10 dagger of Doom {protect, *Noise rElec rPois SInv}
rCold   . . .      Faith    .   J - +0 buckler
rNeg    . . .      Spirit   .   a - +0 robe
rPois   +          Reflect  .   (no helmet)
rElec   +          Harm     .   (no cloak)
rCorr   .          Rampage  .   (no gloves)
Will    .....                   (no boots)
Stlth   ++........              (no amulet)
HPRegen 0.17/turn               m - ring of wizardry
MPRegen 0.18/turn               p - ring of magical power

@: under a protective aura, drained
A: foul stench 1, big brain 2, weakness stinger 1
a: Renounce Religion, Unearth Wretches


You were on level 7 of the Dungeon.
You worshipped Kikubaaqudgha.
Kikubaaqudgha was aware of your devotion.
You visited 1 branch of the dungeon, and saw 5 of its levels.

You collected 227 gold pieces.

Inventory:

Hand Weapons
 g - a +1 dagger of venom
 q - the +6 hammer of Reinueggu {pain, rF+}
   (You found it on level 2 of the Dungeon)

   In the hands of one skilled in necromantic magic, it inflicts extra damage on
   living creatures.
   rF:        It protects you from fire.
 x - the +10 dagger of Doom (weapon) {protect, *Noise rElec rPois SInv}
   (You found it on level 3 of the Dungeon)

   It grants its wielder temporary protection when it strikes (+7 to AC).
   rElec:     It insulates you from electricity.
   rPois:     It protects you from poison.
   SInv:      It lets you see invisible.
   *Noise:    It may make noises in combat.
Missiles
 i - 72 stones
 o - 17 poisoned darts
Armour
 a - a +0 robe (worn)
 J - a +0 buckler (worn)
 K - a +0 helmet
Magical Staves
 E - a staff of poison
Jewellery
 m - a ring of wizardry (left hand)
 n - a ring of ice
 p - a ring of magical power (right hand)
 s - a +6 ring of dexterity
 B - a +6 ring of dexterity
Wands
 z - a wand of charming (10)
 H - a wand of flame (13)
Scrolls
 c - 4 scrolls of identify {unknown}
 e - 2 scrolls of silence {unknown}
 h - 4 scrolls of blinking {unknown}
 j - 3 scrolls of fear {unknown}
 k - a scroll of brand weapon {unknown}
 t - a scroll of vulnerability {unknown}
 u - a scroll of teleportation {unknown}
 v - a scroll of torment {unknown}
 y - a scroll of amnesia {unknown}
 A - a scroll of immolation {unknown}
 D - a scroll of poison {unknown}
 F - a scroll of summoning {unknown}
 I - a scroll of acquirement {unknown}
Potions
 b - a potion of magic
 d - a potion of brilliance {unknown}
 f - 3 potions of curing
 l - a potion of attraction {unknown}
 r - 2 potions of cancellation {unknown}
 w - 2 potions of flight {unknown}
 C - a potion of ambrosia {unknown}
 G - 2 potions of might {unknown}
 L - a potion of lignification {unknown}


   Skills:
 + Level 4.7 Fighting
 - Level 1.7 Dodging
 - Level 1.7 Stealth
 + Level 4.9 Spellcasting
 + Level 7.0 Necromancy


You had 7 spell levels left.
You knew the following spells:

 Your Spells              Type           Power      Damage    Failure   Level
a - Necrotise             Necr           100%       1d9       1%          1
b - Vampiric Draining     Necr           36%        2d8       1%          3
c - Animate Dead          Necr           36%        N/A       3%          4

Your spell library contained the following spells:

 Spells                   Type           Power      Damage    Failure   Level
 Sublimation of Blood     Necr           36%        N/A       1%          2
 Dispel Undead            Necr           36%        3d15      3%          4
 Sting                    Tmut/Pois      20%        1d4       6%          1
 Poisonous Vapours        Pois/Air       10%        N/A       9%          2
 Static Discharge         Conj/Air       5%         3-4/arc   9%          2
 Agony                    Necr           36%        N/A       9%          5
 Anguish                  Hex/Necr       10%        N/A       13%         4
 Olgreb's Toxic Radiance  Pois           5%         N/A       45%         4
 Sticky Flame             Conj/Fire      5%         2d3       45%         4


Dungeon Overview and Level Annotations

Branches:
Dungeon (7/15)
 Temple: D:4-7

Altars:
Kikubaaqudgha
Uskayaw

Annotations:
D:2 1 runed translucent door, Crazy Yiuf


Innate Abilities, Weirdness & Mutations

You may rarely emit foul miasma when damaged in melee.
You have an extremely huge brain. (Int +4)
You have a small tail.


Message History

Aim: a kobold, wielding a +0 short sword and quivering stones You draw life force from the kobold!
You kill the kobold!
Kikubaaqudgha accepts your kill.
You feel life coursing into your body. The kobold hits you but does no damage.
The wight closely misses you. The wight hits you with a +0 war axe.
* * * LOW HITPOINT WARNING * * *
Casting: Vampiric Draining (safe; 1% risk of failure)
Confirm with . or Enter, or press ? or * to list all spells.
Aiming: Vampiric Draining (safe; 1% risk of failure)
Press: ? - help, Shift-Dir - straight line, f - kobold
Aim: a kobold, wielding a +0 short sword and quivering stones You draw life force from the kobold.
You feel life coursing into your body. The kobold barely misses you.
You block the wight's attack. x2
Casting: Vampiric Draining (safe; 1% risk of failure)
Confirm with . or Enter, or press ? or * to list all spells.
Aiming: Vampiric Draining (safe; 1% risk of failure)
Press: ? - help, Shift-Dir - straight line, f/p - kobold
Aim: a kobold, wielding a +0 short sword and quivering stones (severely wounded)
You draw life force from the kobold.
You kill the kobold!
Kikubaaqudgha accepts your kill. You block the wight's attack. x2
You puncture the wight!
Your weapon exudes an aura of protection.
Your dagger of Doom starts to sob noisily.
Your tail-slap misses the wight.
The wight is almost destroyed.
The wight barely misses you. x2
You completely miss the wight.
The wight is severely damaged.
The wight barely misses you. The wight hits you with a +0 war axe!
* * * LOW HITPOINT WARNING * * *
Unknown command.
It was a potion of curing.
You feel better. The wight hits you with a +0 battleaxe!
* * * LOW HITPOINT WARNING * * *
You feel drained.
You die...
Kikubaaqudgha rasps: "You have failed me!
Welcome... death!"

#######
#.....########################
#.....#.......#.....#.........
#.....#.......#.....+.........
#.....#>......#.....#.........
#.....#...##.##.#############'
#.....#...#####.##..##..###...
#.....'.....)z...#......#.....
#....Z#.....z@...#......#.....
#.....#.....)....#......#.....
#.....#..........'......#.....
#...K.#######...###....#######
#....Z......#...###....###....
#...........+....#......#.....
#...........#....#......#.....
######.).)..#....#......#.....
....<.#....#......#.....


You could see 2 wights.

Vanquished Creatures
  2 water moccasins
  A black bear (D:7)
  A kobold brigand (D:7)
  A bullfrog (D:7)
  A scorpion (D:7)
  2 hounds
  An orc priest (D:3)
  Ijyb (D:4)
  2 orc wizards (D:4)
  7 adders
  2 worms (D:3)
  2 dart slugs
  6 orcs
  7 ball pythons
  4 endoplasms
  2 giant cockroaches
  9 goblins
  5 hobgoblins
  3 quokkas
  9 bats
  4 frilled lizards
  11 kobolds
  6 rats
89 creatures vanquished.

Vanquished Creatures (collateral kills)
  A dart slug (D:3)
  An endoplasm (D:3)
  2 rats
4 creatures vanquished.

Grand Total: 93 creatures vanquished

Notes
Turn   | Place    | Note
-------+----------+-------------------------------------------
     0 | D:1      | Larmestyx the Demonspawn Necromancer began the quest for
                  | the Orb.
     0 | D:1      | Reached XP level 1. HP: 13/13 MP: 3/3
   196 | D:1      | Gained mutation: You have an unusually large brain. (Int
                  | +2) [demonic ancestry]
   196 | D:1      | Reached XP level 2. HP: 20/20 MP: 3/5
   288 | D:1      | Reached skill level 1 in Fighting
   581 | D:2      | Gained mutation: You have an extremely huge brain. (Int +4)
                  | [demonic ancestry]
   581 | D:2      | Reached XP level 3. HP: 25/26 MP: 0/6
   786 | D:2      | Found a faded altar of an unknown god.
   839 | D:2      | Identified the +6 hammer of Reinueggu {pain, rF+}
   845 | D:2      | Found a runed translucent door.
   846 | D:2      | Noticed Crazy Yiuf
   900 | D:2      | Reached skill level 5 in Necromancy
   923 | D:2      | Reached XP level 4. HP: 33/33 MP: 8/8
  1089 | D:3      | Found an ancient bone altar of Kikubaaqudgha.
  1093 | D:3      | Identified the +10 dagger of Doom {protect, *Noise rElec
                  | rPois SInv}
  1121 | D:3      | Became a worshipper of Kikubaaqudgha
  1361 | D:3      | Reached * piety under Kikubaaqudgha
  1361 | D:3      | Received a gift from Kikubaaqudgha
  1367 | D:3      | Learned a level 3 spell: Vampiric Draining
  1378 | D:3      | Reached XP level 5. HP: 39/39 MP: 9/9
  1421 | D:3      | Noticed a water moccasin
  1428 | D:3      | Killed a water moccasin
  1949 | D:4      | Gained mutation: You may rarely emit foul miasma when
                  | damaged in melee. [demonic ancestry]
  1949 | D:4      | Reached XP level 6. HP: 45/47 MP: 9/11
  2085 | D:4      | Reached skill level 6 in Necromancy
  2288 | D:4      | Found a hide-covered altar of Uskayaw.
  2500 | D:4      | Noticed Ijyb
  2506 | D:4      | Killed Ijyb
  2677 | D:4      | Learned a level 4 spell: Animate Dead
  2762 | D:4      | You fall into a shaft and drop 3 floors!
  2817 | D:7      | Gained mutation: You have a small tail. [demonic ancestry]
  2817 | D:7      | Reached XP level 7. HP: 54/54 MP: 13/13
  3111 | D:7      | Reached skill level 7 in Necromancy
  3116 | D:7      | HP: 1/54 [wight/+0 war axe (7)]
  3117 | D:7      | Slain by a wight

Illustrated notes

Levels and vault maps discovered:
D:1:      zelgadis_glass_arrival_small, layout_rooms,
          minmay_misc_feat_secret_circle
D:2:      layout_rooms, basic_ecumenical_altar, uniq_crazy_yiuf_cottage
D:3:      minmay_chambers_of_twos, layout_rooms, mainiacjoe_overflow_catwalk,
          chequers_serial_rivers_small_b, minmay_vboxes
D:4:      layout_basic, mainiacjoe_overflow_tiny_flanked, uniq_ijyb
D:7:      layout_gridville, general_overflow_altar, minmay_three_doors

Skill      XL: |  1  2  3  4  5  6  7 |
---------------+----------------------+-----
Fighting       | 1 2 3 4 |  4.7
Necromancy     | 5 6 7 |  7.0
Spellcasting   | 3 4 |  4.9
Dodging        | |  1.7
Stealth        | |  1.7

Action                   |  1- 3 |  4- 6 |  7- 9 || total
-------------------------+-------+-------+-------++-------
Melee: Unarmed           |     3 |       |       ||     3
       Punch             |     1 |       |       ||     1
       Dagger            |     3 |       |     6 ||     9
       Tailslap          |       |       |     1 ||     1
 Cast: Necrotise         |    52 |    84 |    13 ||   149
       Vampiric Draining |       |    14 |    11 ||    25
Evoke: Wand              |       |       |     1 ||     1
  Use: Potion            |       |       |     1 ||     1
 Stab: Distracted        |     1 |       |       ||     1
Armor: Robe              |     1 |     2 |     4 ||     7
Dodge: Dodged            |     4 |     9 |    14 ||    27
Block: Buckler           |       |       |     9 ||     9
